AoeStats
← Wight is Right

MegaRandom

509498040Analyzed
3v3 RM · 4d ago on Sep 27, 2026· 52m 48s· 6 players
Game mode
Random Map
Map size
Normal (6 player)
Population
200
Speed
Normal
Resources
Standard
Victory
Conquest
Starting age
Dark Age
Ending age
Imperial Age
RankedLock teamsTeams togetherTeam positionsShared explorationLock speedFull tech treeHidden civsTurbo modeCheats
Victory
Defeat
🇵🇪 Italians · Peru
1062
+18
🇧🇷 Hindustanis · Brazil
1056
+19
🇸🇪 Koreans · Sweden
1050
+19
🇨🇦 Saxons · Canada
1142
-20
🇨🇦 Vietnamese · Canada
1142
-20
🇨🇦 Franks · Canada
1051
-16
BP_
0:35 Loom
11:10 Feudal Age
13:37 Double-Bit Axe
14:45 Wheelbarrow
16:28 Scale Barding Armor
20:21 Bloodlines
21:47 Fletching
22:01 Padded Archer Armor
25:56 Castle Age
23:50 Gold Mining
23:59 Stone Mining
24:13 Horse Collar
26:13 Light Cavalry
35:29 Scale Mail Armor
36:15 Forging
38:54 Stone Shaft Mining
40:07 Heavy Plow
40:47 Gold Shaft Mining
41:41 Chain Mail Armor
44:29 Imperial Age
42:38 Iron Casting
42:47 Squires
42:33 Arson
46:18 Blast Furnace
44:42 Elite Ghulam
46:01 Conscription
46:04 Bow Saw
46:19 Hand Cart
47:31 Grand Trunk Road
47:56 Town Watch
48:24 Thumb Ring
48:17 Bodkin Arrow
48:38 Leather Archer Armor
52:18 Chain Barding Armor
53:09 Two-Man Saw
52:59 Town Patrol
53:42 Plate Barding Armor
52:33 Heavy Camel Rider
BachmanN
0:33 Loom
12:02 Feudal Age
12:28 Double-Bit Axe
12:33 Gold Mining
13:12 Horse Collar
17:44 Town Watch
22:10 Castle Age
20:16 Fletching
20:39 Forging
23:02 Wheelbarrow
22:47 Bodkin Arrow
23:03 Bow Saw
22:55 Heavy Plow
32:15 Imperial Age
32:18 Hand Cart
34:09 Two-Man Saw
33:33 Conscription
34:14 Bracer
34:33 Thumb Ring
33:59 Capped Ram
35:16 Elite Skirmisher
36:52 Ballistics
37:33 Chemistry
36:46 Masonry
39:10 Arrowslits
40:09 Caravan
41:49 Shinkichon
43:07 Squires
42:52 Arson
43:20 Siege Engineers
45:51 Murder Holes
50:59 Architecture
50:54 Heavy Rocket Cart
52:47 Iron Casting
52:13 Scale Mail Armor
culturaparacas
5:12 Loom
10:31 Feudal Age
22:11 Castle Age
20:30 Horse Collar
21:05 Fletching
22:07 Padded Archer Armor
22:30 Double-Bit Axe
22:26 Crossbowman
24:22 Wheelbarrow
26:39 Bodkin Arrow
27:00 Leather Archer Armor
30:56 Thumb Ring
33:25 Hand Cart
33:24 Bow Saw
40:21 Imperial Age
38:40 Ballistics
39:49 Forging
39:40 Scale Mail Armor
39:57 Squires
39:43 Arson
40:38 Arbalester
44:09 Chain Mail Armor
43:51 Gold Mining
43:40 Pikeman
46:05 Chemistry
45:08 Bracer
45:39 Ring Archer Armor
49:49 Chemistry
48:35 Arrowslits
51:53 Plate Mail Armor
51:58 Iron Casting
52:44 Stone Mining
The Dark Wight
7:18 Loom
10:32 Feudal Age
18:09 Horse Collar
26:00 Castle Age
25:05 Double-Bit Axe
27:20 Crossbowman
29:42 Fletching
40:24 Wheelbarrow
39:34 Town Watch
39:47 Gold Mining
39:51 Stone Mining
46:44 Imperial Age
45:00 Bow Saw
46:14 Hand Cart
45:59 Town Patrol
46:56 Scale Barding Armor
47:01 Forging
47:16 Chatras
49:04 Bloodlines
48:54 Husbandry
48:16 Elite Battle Elephant
Wight is Right
1:19 Loom
14:22 Feudal Age
15:37 Double-Bit Axe
16:41 Scale Barding Armor
26:11 Forging
31:55 Castle Age
34:03 Chain Barding Armor
33:17 Light Cavalry
35:19 Husbandry
37:58 Bow Saw
44:50 Wheelbarrow
45:50 Fletching
47:14 Murder Holes
Alexander Wight
0:36 Loom
10:54 Feudal Age
15:27 Castle Age
14:13 Double-Bit Axe
14:37 Horse Collar
21:52 Wheelbarrow
22:31 Bow Saw
24:42 Scale Mail Armor
25:00 Forging
24:38 Gambesons
25:52 Squires
25:38 Arson
27:50 Chain Mail Armor
29:57 Iron Casting
35:48 Imperial Age
33:34 Hand Cart
37:35 Elite Varangian Guard
38:59 Plate Mail Armor
38:10 Shield Wall
39:11 Conscription
38:12 Elite Hearth Troop
43:01 Guilds
45:17 Hoardings
46:37 Fletching
48:54 Bodkin Arrow
50:04 Bracer
Connection lost

Rejoining the realm…

Still unreachable

The connection could not be restored.

Session expired

The server has moved on; the page needs a fresh start.